Nordiques vs Canucks
(R1)
Created - 6 mars 2014 at 20:19
Goals
|
| Nordiques |
0 |
1 |
0 |
1 |
| Canucks |
4 |
0 |
3 |
7 |
|
Shots
|
| Nordiques |
4 |
12 |
13 |
29 |
| Canucks |
12 |
7 |
13 |
32 |
|
1st period
1. Canucks , Jaromir Jagr 36 (Matt Stajan, Mark Streit) at 3:48
2. Canucks , Erik Christensen 11 (Brett Lebda) at 7:39
3. Canucks , Ryan Getzlaf 12 (Clarke MacArthur, Zigmund Palffy) at 8:41 (PP)
4. Canucks , David Jones 11 (T.J. Hensick) at 18:35
Penalties :
Vincent Lecavalier (Que) for Roughing (Double Minor) at 7:42, Chris Phillips (Que) for Cross-checking (Minor) at 12:04, Peter Worrell (Van) for Fighting (Major) at 18:47, Simon Gagné (Que) for Fighting (Major) at 18:47
2nd period
5. Nordiques , Ryan Malone 9 (Tyler Arnason) at 7:07
Penalties :
Maxim Afinogenov (Que) for Hooking (Minor) at 2:43, Peter Worrell (Van) for Boarding (Minor) at 8:54, Fabian Brunnstrom (Van) for Roughing (Minor) at 11:21, Joe Callahan (Van) for Roughing (Minor) at 17:43
3rd period
6. Canucks , Peter Worrell 24 (Matt Stajan, Jaromir Jagr) at 0:35 (PP)
7. Canucks , Erik Christensen 12 (Daniel Paille) at 15:11
8. Canucks , Jeremy Williams 5 (Daniel Paille, Erik Christensen) at 19:10
Penalties :
Maxim Afinogenov (Que) for Holding (Minor) at 0:21, Chris Phillips (Que) for Roughing (Minor) at 4:39, Chris Phillips (Que) for Holding (Minor) at 7:16, Ryan Malone (Que) for Roughing (Minor) at 8:27
Goalie Stats
Jean-Sébastien Giguère (Que), 17 saves from 20 shots - (0,850), 41:25 minutes
Mike Smith (Que), 8 saves from 12 shots - (0,667), L, 15-12-1, 18:35 minutes
Carey Price (Van), 28 saves from 29 shots - (0,966), W, 21-24-4, 60:00 minutes
Players Stats for Nordiques
Player Name G A P +/- PIM S H SB GA TA FO MP PP MP PK MP
------------------------------------------------------------------------------------
Ales Kotalik 0 0 0 -2 0 3 0 0 0 0 0/1 9:13 0:03 0:00
Alexei Ponikarovsky 0 0 0 -1 0 2 1 0 0 0 0/1 12:04 0:00 1:39
Bryan McCabe 0 0 0 -1 0 2 2 1 0 1 0/0 22:11 2:31 5:16
Chris Phillips 0 0 0 -3 6 1 1 1 1 1 0/0 25:52 3:26 4:00
Éric Belanger 0 0 0 -2 0 1 2 0 0 1 5/7 13:07 0:00 1:35
Jordan Eberle 0 0 0 1 0 2 0 0 0 0 0/0 13:53 3:12 0:00
Jordan Leopold 0 0 0 -1 0 0 0 1 0 0 0/0 10:25 0:00 0:40
Lubomir Visnovsky 0 0 0 0 0 0 2 0 1 1 0/0 21:05 2:31 5:01
Matt Smaby 0 0 0 0 0 3 3 0 0 0 0/0 12:15 0:00 2:24
Mattias Weinhandl 0 0 0 -1 0 0 0 0 0 1 0/0 8:19 0:00 0:00
Maxim Afinogenov 0 0 0 -2 4 2 1 0 1 1 3/5 20:04 2:42 3:10
Rickard Wallin 0 0 0 -1 0 1 2 0 0 0 2/3 7:53 0:00 0:00
Ryan Bayda 0 0 0 -2 0 0 1 0 0 0 1/3 12:59 0:00 3:21
Ryan Malone 1 0 1 1 2 4 1 0 0 0 0/0 17:18 2:42 3:05
Ryan Whitney 0 0 0 -3 0 2 1 5 1 1 0/0 28:34 3:26 7:17
Simon Gagné 0 0 0 -2 5 2 1 0 0 1 1/1 20:43 3:15 6:13
Tyler Arnason 0 1 1 1 0 1 2 0 1 1 5/8 9:17 2:42 0:00
Vincent Lecavalier 0 0 0 -2 4 3 0 0 0 0 20/34 21:33 3:15 4:46
Players Stats for Canucks
Player Name G A P +/- PIM S H SB GA TA FO MP PP MP PK MP
------------------------------------------------------------------------------------
Brent Sopel 0 0 0 0 0 1 1 2 2 3 0/0 21:11 4:49 2:57
Brett Lebda 0 1 1 3 0 2 2 0 0 0 0/0 9:38 0:00 0:07
Clarke MacArthur 0 1 1 -1 0 3 0 0 1 0 0/0 19:23 5:17 2:22
Daniel Paille 0 2 2 3 0 1 1 0 0 0 0/0 7:26 0:00 0:35
David Jones 1 0 1 1 0 2 1 0 0 0 0/0 10:17 0:19 0:00
Erik Christensen 2 1 3 3 0 4 1 1 1 0 0/0 7:39 0:00 0:48
Fabian Brunnstrom 0 0 0 1 2 1 2 0 0 0 1/1 13:16 0:49 0:00
Jaromir Jagr 1 1 2 1 0 4 4 0 0 0 2/7 23:12 6:49 3:12
Jeremy Williams 1 0 1 3 0 3 2 0 0 0 0/0 6:31 0:00 0:00
Joe Callahan 0 0 0 0 2 2 3 1 0 0 0/0 19:55 4:49 1:45
Mark Streit 0 1 1 1 0 2 1 0 0 0 0/0 29:35 7:30 3:00
Matt Stajan 0 2 2 1 0 1 2 0 0 1 13/33 20:25 6:47 0:59
Peter Worrell 1 0 1 1 7 1 1 0 0 1 1/1 19:42 6:22 2:03
Ryan Getzlaf 1 0 1 -1 0 2 4 0 2 0 6/11 17:01 5:17 0:00
Scott Niedermayer 0 0 0 1 0 0 0 2 1 0 0/0 29:35 7:30 3:00
T.J. Hensick 0 1 1 1 0 2 2 0 1 0 3/10 11:53 0:00 1:55
Taylor Chorney 0 0 0 3 0 1 1 0 0 0 0/0 10:19 0:00 1:05
Zigmund Palffy 0 1 1 -1 0 0 2 0 1 0 0/0 17:01 5:17 0:00
3 Stars
1 - Erik Christensen (Van)
2 - Jaromir Jagr (Van)
3 - Jeremy Williams (Van)
Power Play
Nordiques - 0 on 3 Attempt(s) - 0,00%
Canucks - 2 on 8 Attempt(s) - 25,00%
Penalty Kill
Nordiques - 6 on 8 Attempt(s) - 75,00%
- Score 0 goal in Penalty Kill
Canucks - 3 on 3 Attempt(s) - 100,00%
- Score 0 goal in Penalty Kill
Official
Referees : Pollock Kevin and Sutherland Kelly
Linesman : Lyle Seitz and Mike Cvik
Game Notes
Jean-Sébastien Giguère enters game at 18:35 of 1st period
Peter Worrell and Simon Gagné fight to a draw at 18:47 of 1st period
Tyler Arnason is injured at 2:05 of 3rd period (Sore Right Knee)
Finance
Level 1 -- Attendance: 3997 (66,62%) -- Ticket Income 395 703 $
Level 2 -- Attendance: 4097 (81,94%) -- Ticket Income 213 044 $
Level 3 -- Attendance: 1766 (88,30%) -- Ticket Income 52 980 $
Level 4 -- Attendance: 3603 (90,08%) -- Ticket Income 61 251 $
Luxury Box -- Attendance: 973 (97,30%) -- Ticket Income 97 300 $
Game was played at the Budweiser Coliseum
Total Attendance: 14436 (80,20%)
Total Ticket Income: 820 278 $
Other Income: 123 042 $
Total Income: 943 320 $
Nordiques
5 vs 5 Forward
Center Left Wing Right Wing Time % Phy DF OF
1 Vincent Lecavalier Simon Gagné Maxim Afinogenov 40 0 2 3
2 Tyler Arnason Ryan Malone Jordan Eberle 30 0 2 3
3 Éric Belanger Ryan Bayda Ales Kotalik 20 1 2 2
4 Rickard Wallin Alexei Ponikarovsky Mattias Weinhandl 10 1 2 2
5 vs 5 Defense
Defense Defense Time % Phy DF OF
1 Chris Phillips Ryan Whitney 40 0 2 3
2 Bryan McCabe Lubomir Visnovsky 30 0 2 3
3 Jordan Leopold Matt Smaby 20 0 3 2
4 Chris Phillips Ryan Whitney 10 1 2 2
PowerPlay Forward
Center Left Wing Right Wing Time % Phy DF OF
1 Vincent Lecavalier Simon Gagné Jordan Eberle 60 0 1 4
2 Tyler Arnason Ryan Malone Maxim Afinogenov 40 0 1 4
PowerPlay Defense
Defense Defense Time % Phy DF OF
1 Chris Phillips Ryan Whitney 60 0 2 3
2 Bryan McCabe Lubomir Visnovsky 40 0 2 3
Penalty Kill 4 Players Forward
Center Wing Time % Phy DF OF
1 Vincent Lecavalier Simon Gagné 60 1 4 0
2 Maxim Afinogenov Ryan Malone 40 1 4 0
Penalty Kill 4 Players Defense
Defense Defense Time % Phy DF OF
1 Chris Phillips Ryan Whitney 60 1 4 0
2 Bryan McCabe Lubomir Visnovsky 40 1 4 0
Penalty Kill - 3 Players Forward
Forward Time % Phy DF OF
1 Vincent Lecavalier 60 1 4 0
2 Simon Gagné 40 1 4 0
Penalty Kill - 3 Players Defense
Defense Defense Time % Phy DF OF
1 Chris Phillips Ryan Whitney 60 1 4 0
2 Bryan McCabe Lubomir Visnovsky 40 1 4 0
4 vs 4 Forward
Center Wing Time % Phy DF OF
1 Vincent Lecavalier Simon Gagné 60 0 2 3
2 Tyler Arnason Maxim Afinogenov 40 0 2 3
4 vs 4 Defense
Defense Defense Time % Phy DF OF
1 Chris Phillips Ryan Whitney 60 1 2 2
2 Bryan McCabe Lubomir Visnovsky 40 1 2 2
Last Minutes Offensive
Center Left Wing Right Wing Defense Defense
Vincent Lecavalier Simon Gagné Maxim Afinogenov Chris Phillips Ryan Whitney
Last Minutes Defensive
Center Left Wing Right Wing Defense Defense
Vincent Lecavalier Simon Gagné Maxim Afinogenov Chris Phillips Ryan Whitney
Goaltenders
Starting : Mike Smith
Backup : Jean-Sébastien Giguère
Extra Forwards
Normal : Maxim Afinogenov, Vincent Lecavalier, Simon Gagné - PP : Maxim Afinogenov, Simon Gagné - PK : Ryan Bayda
Extra Defensemen
Normal : Jordan Leopold, Matt Smaby, Bryan McCabe - PP : Jordan Leopold - PK : Matt Smaby, Bryan McCabe
Penalty Shots
Vincent Lecavalier, Simon Gagné, Maxim Afinogenov, Jordan Eberle, Ales Kotalik
Canucks
5 vs 5 Forward
Center Left Wing Right Wing Time % Phy DF OF
1 Matt Stajan Peter Worrell Jaromir Jagr 40 1 2 2
2 Ryan Getzlaf Clarke MacArthur Zigmund Palffy 30 1 2 2
3 T.J. Hensick Fabian Brunnstrom David Jones 20 1 2 2
4 Erik Christensen Daniel Paille Jeremy Williams 10 1 2 2
5 vs 5 Defense
Defense Defense Time % Phy DF OF
1 Mark Streit Scott Niedermayer 40 1 2 2
2 Brent Sopel Joe Callahan 30 1 2 2
3 Brett Lebda Taylor Chorney 20 1 2 2
4 Mark Streit Scott Niedermayer 10 1 2 2
PowerPlay Forward
Center Left Wing Right Wing Time % Phy DF OF
1 Matt Stajan Peter Worrell Jaromir Jagr 60 1 2 2
2 Ryan Getzlaf Clarke MacArthur Zigmund Palffy 40 1 2 2
PowerPlay Defense
Defense Defense Time % Phy DF OF
1 Mark Streit Scott Niedermayer 60 1 2 2
2 Brent Sopel Joe Callahan 40 1 2 2
Penalty Kill 4 Players Forward
Center Wing Time % Phy DF OF
1 Jaromir Jagr Peter Worrell 60 1 2 2
2 Matt Stajan Clarke MacArthur 40 1 2 2
Penalty Kill 4 Players Defense
Defense Defense Time % Phy DF OF
1 Mark Streit Scott Niedermayer 60 1 2 2
2 Brent Sopel Joe Callahan 40 1 2 2
Penalty Kill - 3 Players Forward
Forward Time % Phy DF OF
1 Jaromir Jagr 60 1 2 2
2 Peter Worrell 40 1 2 2
Penalty Kill - 3 Players Defense
Defense Defense Time % Phy DF OF
1 Mark Streit Scott Niedermayer 60 1 2 2
2 Brent Sopel Joe Callahan 40 1 2 2
4 vs 4 Forward
Center Wing Time % Phy DF OF
1 Jaromir Jagr Peter Worrell 60 1 2 2
2 Matt Stajan Clarke MacArthur 40 1 2 2
4 vs 4 Defense
Defense Defense Time % Phy DF OF
1 Mark Streit Scott Niedermayer 60 1 2 2
2 Brent Sopel Joe Callahan 40 1 2 2
Last Minutes Offensive
Center Left Wing Right Wing Defense Defense
Matt Stajan Peter Worrell Jaromir Jagr Mark Streit Scott Niedermayer
Last Minutes Defensive
Center Left Wing Right Wing Defense Defense
Matt Stajan Peter Worrell Jaromir Jagr Mark Streit Scott Niedermayer
Goaltenders
Starting : Carey Price
Backup : José Theodore
Extra Forwards
Normal : Fabian Brunnstrom, David Jones, T.J. Hensick - PP : Fabian Brunnstrom, David Jones - PK : T.J. Hensick
Extra Defensemen
Normal : Brett Lebda, Taylor Chorney, Brent Sopel - PP : Brett Lebda - PK : Taylor Chorney, Brent Sopel
Penalty Shots
Jaromir Jagr, Peter Worrell, Matt Stajan, Clarke MacArthur, Fabian Brunnstrom
% Time on Ice - Nordiques
Lines # - Real PCT - Wanted PCT - Time Play
Normal Forward
1 - 33% - 40% - 13:48
2 - 26% - 30% - 10:53
3 - 22% - 20% - 9:10
4 - 19% - 10% - 7:53
Normal Defense
1 - 43% - 40% - 17:49
2 - 34% - 30% - 14:08
3 - 22% - 20% - 9:09
4 - 2% - 10% - 0:38
PP Forward
1 - 55% - 60% - 3:15
2 - 45% - 40% - 2:42
PP Defense
1 - 58% - 60% - 3:26
2 - 42% - 40% - 2:31
PK Forward
1 - 67% - 60% - 7:46
2 - 33% - 40% - 3:45
PK Defense
1 - 61% - 60% - 7:02
2 - 39% - 40% - 4:29
PK3 Forward
1 - 60% - 60% - 0:29
2 - 40% - 40% - 0:19
PK3 Defense
1 - 54% - 60% - 0:26
2 - 46% - 40% - 0:22
44 Forward
1 - 0% - 60%
2 - 0% - 40%
44 Defense
1 - 0% - 60%
2 - 0% - 40%
Last Minute Offensive - 0:00
Last Minute Defensive - 0:00
Total
Forward - 60:00
Defense - 60:00
|
% Time on Ice - Canucks
Lines # - Real PCT - Wanted PCT - Time Play
Normal Forward
1 - 32% - 40% - 13:31
2 - 28% - 30% - 11:44
3 - 24% - 20% - 9:58
4 - 16% - 10% - 6:31
Normal Defense
1 - 43% - 40% - 18:01
2 - 32% - 30% - 13:25
3 - 22% - 20% - 9:14
4 - 3% - 10% - 1:04
PP Forward
1 - 57% - 60% - 7:02
2 - 43% - 40% - 5:17
PP Defense
1 - 61% - 60% - 7:30
2 - 39% - 40% - 4:49
PK Forward
1 - 85% - 60% - 5:04
2 - 15% - 40% - 0:53
PK Defense
1 - 50% - 60% - 3:00
2 - 50% - 40% - 2:57
PK3 Forward
1 - 0% - 60%
2 - 0% - 40%
PK3 Defense
1 - 0% - 60%
2 - 0% - 40%
44 Forward
1 - 0% - 60%
2 - 0% - 40%
44 Defense
1 - 0% - 60%
2 - 0% - 40%
Last Minute Offensive - 0:00
Last Minute Defensive - 0:00
Total
Forward - 60:00
Defense - 60:00
|
Play by Play
1st period
0:01 of 1st period - Vincent Lecavalier wins face-off versus Matt Stajan in neutral zone.
0:58 of 1st period - Slapshot by Erik Christensen.
0:58 of 1st period - Stopped by Mike Smith without a rebound.
0:59 of 1st period - Éric Belanger wins face-off versus T.J. Hensick in Nordiques zone.
0:59 of 1st period - Éric Belanger is hit by T.J. Hensick.
1:05 of 1st period - Taylor Chorney is hit by Ryan Bayda and loses puck.
2:08 of 1st period - Wrist shot by Erik Christensen.
2:08 of 1st period - Shot Misses the Net.
2:12 of 1st period - Snap shot by Jeremy Williams.
2:12 of 1st period - Shot Misses the Net.
2:28 of 1st period - Jordan Leopold is hit by David Jones and loses puck.
3:10 of 1st period - Slapshot by Matt Smaby.
3:10 of 1st period - Stopped by Carey Price without a rebound.
3:11 of 1st period - Ryan Getzlaf wins face-off versus Rickard Wallin in Canucks zone.
3:38 of 1st period - Slapshot by Mark Streit.
3:38 of 1st period - Shot Blocked by Ryan Whitney.
3:40 of 1st period - Slapshot by Mark Streit.
3:40 of 1st period - Shot Misses the Net.
3:48 of 1st period - Snap shot by Jaromir Jagr.
3:48 of 1st period - Goal by Jaromir Jagr - Nordiques : 0 - Canucks : 1.
3:49 of 1st period - Vincent Lecavalier wins face-off versus Matt Stajan in neutral zone.
4:41 of 1st period - Wrist shot by Mark Streit.
4:41 of 1st period - Stopped by Mike Smith with a rebound.
5:09 of 1st period - Lubomir Visnovsky is hit by Zigmund Palffy and loses puck.
5:20 of 1st period - Alexei Ponikarovsky is hit by Fabian Brunnstrom and loses puck.
5:47 of 1st period - David Jones is hit by Rickard Wallin and loses puck.
6:36 of 1st period - Snap shot by Chris Phillips.
6:36 of 1st period - Stopped by Carey Price without a rebound.
6:37 of 1st period - Vincent Lecavalier wins face-off versus Matt Stajan in Canucks zone.
6:42 of 1st period - Snap shot by Maxim Afinogenov.
6:42 of 1st period - Stopped by Carey Price without a rebound.
6:43 of 1st period - Matt Stajan wins face-off versus Vincent Lecavalier in Canucks zone.
6:52 of 1st period - Jaromir Jagr is hit by Bryan McCabe and loses puck.
7:15 of 1st period - Snap shot by Tyler Arnason.
7:15 of 1st period - Stopped by Carey Price with a rebound.
7:39 of 1st period - Wrist shot by Erik Christensen.
7:39 of 1st period - Goal by Erik Christensen - Nordiques : 0 - Canucks : 2.
7:40 of 1st period - Vincent Lecavalier wins face-off versus Matt Stajan in neutral zone.
7:42 of 1st period - Double Minor Penalty to Vincent Lecavalier for Roughing.
7:43 of 1st period - Matt Stajan wins face-off versus Ryan Bayda in Nordiques zone.
7:43 of 1st period - Slapshot by Jaromir Jagr.
7:43 of 1st period - Shot Blocked by Ryan Whitney.
7:53 of 1st period - Snap shot by Mark Streit.
7:53 of 1st period - Stopped by Mike Smith with a rebound.
8:15 of 1st period - Snap shot by Clarke MacArthur.
8:15 of 1st period - Stopped by Mike Smith without a rebound.
8:16 of 1st period - Éric Belanger wins face-off versus Ryan Getzlaf in Nordiques zone.
8:41 of 1st period - Backhand shot by Ryan Getzlaf.
8:41 of 1st period - Goal by Ryan Getzlaf - Nordiques : 0 - Canucks : 3.
8:42 of 1st period - Ryan Bayda wins face-off versus Matt Stajan in neutral zone.
10:41 of 1st period - Penalty to Vincent Lecavalier is over, Vincent Lecavalier is back on ice.
11:00 of 1st period - Ryan Malone is hit by Erik Christensen and loses puck.
11:06 of 1st period - Off-side.
11:07 of 1st period - T.J. Hensick wins face-off versus Ales Kotalik in neutral zone.
11:14 of 1st period - Wrist shot by Fabian Brunnstrom.
11:14 of 1st period - Stopped by Mike Smith without a rebound.
11:15 of 1st period - Éric Belanger wins face-off versus T.J. Hensick in Nordiques zone.
11:15 of 1st period - Éric Belanger is hit by Fabian Brunnstrom.
11:43 of 1st period - Slapshot by T.J. Hensick.
11:43 of 1st period - Shot Misses the Net.
11:51 of 1st period - Wrist shot by T.J. Hensick.
11:51 of 1st period - Shot Misses the Net.
11:55 of 1st period - Slapshot by David Jones.
11:55 of 1st period - Shot Blocked by Ryan Whitney.
11:57 of 1st period - Slapshot by Taylor Chorney.
11:57 of 1st period - Stopped by Mike Smith with a rebound.
12:04 of 1st period - Minor Penalty to Chris Phillips for Cross-checking.
12:05 of 1st period - Vincent Lecavalier wins face-off versus Matt Stajan in Nordiques zone.
12:40 of 1st period - Scott Niedermayer is hit by Bryan McCabe.
13:02 of 1st period - Ryan Whitney is hit by Ryan Getzlaf and loses puck.
14:04 of 1st period - Penalty to Chris Phillips is over, Chris Phillips is back on ice.
14:08 of 1st period - Snap shot by Jeremy Williams.
14:08 of 1st period - Stopped by Mike Smith with a rebound.
14:12 of 1st period - Wrist shot by Erik Christensen.
14:12 of 1st period - Shot Misses the Net.
14:14 of 1st period - Snap shot by Daniel Paille.
14:14 of 1st period - Shot Blocked by Ryan Whitney.
14:16 of 1st period - Wrist shot by Erik Christensen.
14:16 of 1st period - Stopped by Mike Smith with a rebound.
14:36 of 1st period - Slapshot by David Jones.
14:36 of 1st period - Shot Blocked by Bryan McCabe.
14:50 of 1st period - Ryan Malone is hit by Brett Lebda.
15:05 of 1st period - Clarke MacArthur is hit by Maxim Afinogenov and loses puck.
15:22 of 1st period - Fabian Brunnstrom is hit by Matt Smaby and loses puck.
15:47 of 1st period - Brent Sopel is hit by Matt Smaby and loses puck.
17:29 of 1st period - Ryan Whitney is hit by Brent Sopel.
17:44 of 1st period - Jeremy Williams is hit by Éric Belanger and loses puck.
18:02 of 1st period - Scott Niedermayer is hit by Tyler Arnason and loses puck.
18:19 of 1st period - Snap shot by Jaromir Jagr.
18:19 of 1st period - Shot Blocked by Jordan Leopold.
18:21 of 1st period - Wrist shot by Peter Worrell.
18:21 of 1st period - Shot Misses the Net.
18:35 of 1st period - Wrist shot by David Jones.
18:35 of 1st period - Goal by David Jones - Nordiques : 0 - Canucks : 4.
18:35 of 1st period - Jean-Sébastien Giguère enters game.
18:36 of 1st period - Matt Stajan wins face-off versus Vincent Lecavalier in neutral zone.
18:38 of 1st period - Off-side.
18:39 of 1st period - Matt Stajan wins face-off versus Vincent Lecavalier in neutral zone.
18:47 of 1st period - Peter Worrell and Simon Gagné fight to a draw.
18:47 of 1st period - Penalty to Peter Worrell for Fighting.
18:47 of 1st period - Penalty to Simon Gagné for Fighting.
18:48 of 1st period - Maxim Afinogenov wins face-off versus Matt Stajan in Nordiques zone.
19:10 of 1st period - Icing by Mark Streit.
19:11 of 1st period - Tyler Arnason wins face-off versus Matt Stajan in Canucks zone.
Goals for this period are 0 for Nordiques vs 4 for Canucks.
Shots for this period are 4 for Nordiques vs 12 for Canucks.
2nd period
0:01 of 2nd period - Jaromir Jagr wins face-off versus Maxim Afinogenov in neutral zone.
1:42 of 2nd period - Wrist shot by Clarke MacArthur.
1:42 of 2nd period - Shot Misses the Net.
1:44 of 2nd period - Slapshot by Joe Callahan.
1:44 of 2nd period - Stopped by Jean-Sébastien Giguère without a rebound.
1:45 of 2nd period - Tyler Arnason wins face-off versus Ryan Getzlaf in Nordiques zone.
2:12 of 2nd period - Chris Phillips is hit by Taylor Chorney and loses puck.
2:17 of 2nd period - Wrist shot by Erik Christensen.
2:17 of 2nd period - Shot Misses the Net.
2:19 of 2nd period - Wrist shot by Jeremy Williams.
2:19 of 2nd period - Stopped by Jean-Sébastien Giguère with a rebound.
2:21 of 2nd period - Slapshot by Daniel Paille.
2:21 of 2nd period - Stopped by Jean-Sébastien Giguère without a rebound.
2:22 of 2nd period - Fabian Brunnstrom wins face-off versus Vincent Lecavalier in Nordiques zone.
2:43 of 2nd period - Minor Penalty to Maxim Afinogenov for Hooking.
2:44 of 2nd period - Vincent Lecavalier wins face-off versus Matt Stajan in Nordiques zone.
2:44 of 2nd period - Vincent Lecavalier is hit by Jaromir Jagr.
3:47 of 2nd period - Penalty to Simon Gagné is over, Simon Gagné is back on ice.
4:43 of 2nd period - Penalty to Maxim Afinogenov is over, Maxim Afinogenov is back on ice.
4:55 of 2nd period - Snap shot by Vincent Lecavalier.
4:55 of 2nd period - Shot Blocked by Joe Callahan.
4:57 of 2nd period - Slapshot by Matt Smaby.
4:57 of 2nd period - Stopped by Carey Price without a rebound.
4:58 of 2nd period - T.J. Hensick wins face-off versus Alexei Ponikarovsky in Canucks zone.
5:03 of 2nd period - Wrist shot by Fabian Brunnstrom.
5:03 of 2nd period - Shot Misses the Net.
5:09 of 2nd period - Taylor Chorney is hit by Alexei Ponikarovsky and loses puck.
5:16 of 2nd period - Snap shot by Matt Smaby.
5:16 of 2nd period - Stopped by Carey Price without a rebound.
5:17 of 2nd period - Tyler Arnason wins face-off versus Matt Stajan in Canucks zone.
5:22 of 2nd period - Slapshot by Jordan Eberle.
5:22 of 2nd period - Stopped by Carey Price without a rebound.
5:23 of 2nd period - Matt Stajan wins face-off versus Tyler Arnason in Canucks zone.
5:28 of 2nd period - Ryan Malone is hit by Matt Stajan and loses puck.
5:53 of 2nd period - Slapshot by Éric Belanger.
5:53 of 2nd period - Stopped by Carey Price without a rebound.
5:54 of 2nd period - Ryan Getzlaf wins face-off versus Éric Belanger in Canucks zone.
6:43 of 2nd period - Slapshot by Ryan Whitney.
6:43 of 2nd period - Shot Misses the Net.
6:47 of 2nd period - Wrist shot by Vincent Lecavalier.
6:47 of 2nd period - Shot Misses the Net.
7:05 of 2nd period - Snap shot by Ryan Malone.
7:05 of 2nd period - Stopped by Carey Price with a rebound.
7:07 of 2nd period - Snap shot by Ryan Malone.
7:07 of 2nd period - Goal by Ryan Malone - Nordiques : 1 - Canucks : 4.
7:08 of 2nd period - Vincent Lecavalier wins face-off versus Matt Stajan in neutral zone.
7:33 of 2nd period - Jordan Eberle is hit by Ryan Getzlaf and loses puck.
7:44 of 2nd period - Jordan Leopold is hit by Zigmund Palffy and loses puck.
7:56 of 2nd period - Off-side.
7:57 of 2nd period - T.J. Hensick wins face-off versus Éric Belanger in neutral zone.
8:04 of 2nd period - Snap shot by T.J. Hensick.
8:04 of 2nd period - Shot Misses the Net.
8:33 of 2nd period - Snap shot by Ales Kotalik.
8:33 of 2nd period - Shot Misses the Net.
8:35 of 2nd period - Snap shot by Ales Kotalik.
8:35 of 2nd period - Stopped by Carey Price without a rebound.
8:36 of 2nd period - Vincent Lecavalier wins face-off versus Matt Stajan in Canucks zone.
8:39 of 2nd period - Wrist shot by Vincent Lecavalier.
8:39 of 2nd period - Stopped by Carey Price with a rebound.
8:54 of 2nd period - Minor Penalty to Peter Worrell for Boarding.
8:55 of 2nd period - Vincent Lecavalier wins face-off versus Jaromir Jagr in Canucks zone.
9:07 of 2nd period - Slapshot by Ryan Whitney.
9:07 of 2nd period - Stopped by Carey Price without a rebound.
9:08 of 2nd period - Vincent Lecavalier wins face-off versus Jaromir Jagr in Canucks zone.
9:53 of 2nd period - Snap shot by Tyler Arnason.
9:53 of 2nd period - Shot Blocked by Erik Christensen.
9:55 of 2nd period - Slapshot by Ryan Whitney.
9:55 of 2nd period - Shot Misses the Net.
10:54 of 2nd period - Penalty to Peter Worrell is over, Peter Worrell is back on ice.
10:59 of 2nd period - Snap shot by Ryan Bayda.
10:59 of 2nd period - Deflect By Éric Belanger.
10:59 of 2nd period - Shot Blocked by Brent Sopel.
10:59 of 2nd period - Puck is out of play.
11:00 of 2nd period - Éric Belanger wins face-off versus T.J. Hensick in Canucks zone.
11:07 of 2nd period - Wrist shot by Ryan Bayda.
11:07 of 2nd period - Shot Misses the Net.
11:21 of 2nd period - Minor Penalty to Fabian Brunnstrom for Roughing.
11:22 of 2nd period - Vincent Lecavalier wins face-off versus Jaromir Jagr in Canucks zone.
12:35 of 2nd period - Jordan Eberle is hit by Peter Worrell and loses puck.
12:59 of 2nd period - Icing by Tyler Arnason.
13:00 of 2nd period - Tyler Arnason wins face-off versus T.J. Hensick in Nordiques zone.
13:21 of 2nd period - Penalty to Fabian Brunnstrom is over, Fabian Brunnstrom is back on ice.
13:30 of 2nd period - Wrist shot by Peter Worrell.
13:30 of 2nd period - Shot Misses the Net.
13:44 of 2nd period - Snap shot by Jaromir Jagr.
13:44 of 2nd period - Stopped by Jean-Sébastien Giguère with a rebound.
14:18 of 2nd period - Slapshot by Jeremy Williams.
14:18 of 2nd period - Shot Misses the Net.
14:51 of 2nd period - Off-side.
14:52 of 2nd period - Rickard Wallin wins face-off versus Ryan Getzlaf in neutral zone.
15:26 of 2nd period - Slapshot by Brent Sopel.
15:26 of 2nd period - Stopped by Jean-Sébastien Giguère without a rebound.
15:27 of 2nd period - Simon Gagné wins face-off versus Matt Stajan in Nordiques zone.
15:27 of 2nd period - Matt Smaby is hit by Jaromir Jagr and loses puck.
15:39 of 2nd period - Slapshot by Brett Lebda.
15:39 of 2nd period - Stopped by Jean-Sébastien Giguère with a rebound.
15:41 of 2nd period - Snap shot by Brett Lebda.
15:41 of 2nd period - Stopped by Jean-Sébastien Giguère without a rebound.
15:42 of 2nd period - Ryan Getzlaf wins face-off versus Tyler Arnason in Nordiques zone.
16:20 of 2nd period - Wrist shot by Ales Kotalik.
16:20 of 2nd period - Stopped by Carey Price with a rebound.
16:36 of 2nd period - Snap shot by Vincent Lecavalier.
16:36 of 2nd period - Stopped by Carey Price without a rebound.
16:37 of 2nd period - Vincent Lecavalier wins face-off versus Matt Stajan in Canucks zone.
16:38 of 2nd period - Backhand shot by Maxim Afinogenov.
16:38 of 2nd period - Deflect By Vincent Lecavalier.
16:38 of 2nd period - Shot Blocked by Scott Niedermayer.
16:38 of 2nd period - Puck is out of play.
16:39 of 2nd period - Matt Stajan wins face-off versus Vincent Lecavalier in Canucks zone.
16:54 of 2nd period - Snap shot by Vincent Lecavalier.
16:54 of 2nd period - Shot Misses the Net.
17:05 of 2nd period - Mark Streit is hit by Tyler Arnason and loses puck.
17:43 of 2nd period - Minor Penalty to Joe Callahan for Roughing.
17:44 of 2nd period - Vincent Lecavalier wins face-off versus Jaromir Jagr in Canucks zone.
17:44 of 2nd period - Snap shot by Simon Gagné.
17:44 of 2nd period - Stopped by Carey Price without a rebound.
17:45 of 2nd period - Vincent Lecavalier wins face-off versus Jaromir Jagr in Canucks zone.
17:58 of 2nd period - Slapshot by Simon Gagné.
17:58 of 2nd period - Shot Misses the Net.
18:00 of 2nd period - Snap shot by Simon Gagné.
18:00 of 2nd period - Shot Misses the Net.
19:43 of 2nd period - Penalty to Joe Callahan is over, Joe Callahan is back on ice.
19:49 of 2nd period - Erik Christensen is hit by Simon Gagné and loses puck.
Goals for this period are 1 for Nordiques vs 0 for Canucks.
Shots for this period are 12 for Nordiques vs 7 for Canucks.
3rd period
0:01 of 3rd period - Matt Stajan wins face-off versus Vincent Lecavalier in neutral zone.
0:01 of 3rd period - Matt Stajan is hit by Ryan Whitney.
0:05 of 3rd period - Slapshot by Scott Niedermayer.
0:05 of 3rd period - Shot Blocked by Ryan Whitney.
0:07 of 3rd period - Wrist shot by Matt Stajan.
0:07 of 3rd period - Shot Misses the Net.
0:21 of 3rd period - Minor Penalty to Maxim Afinogenov for Holding.
0:22 of 3rd period - Vincent Lecavalier wins face-off versus Matt Stajan in Nordiques zone.
0:33 of 3rd period - Snap shot by Jaromir Jagr.
0:33 of 3rd period - Deflect By Matt Stajan.
0:33 of 3rd period - Stopped by Jean-Sébastien Giguère with a rebound.
0:35 of 3rd period - Wrist shot by Peter Worrell.
0:35 of 3rd period - Goal by Peter Worrell - Nordiques : 1 - Canucks : 5.
0:36 of 3rd period - Vincent Lecavalier wins face-off versus Matt Stajan in neutral zone.
1:09 of 3rd period - Wrist shot by Bryan McCabe.
1:09 of 3rd period - Stopped by Carey Price without a rebound.
1:10 of 3rd period - Ryan Getzlaf wins face-off versus Vincent Lecavalier in Canucks zone.
1:10 of 3rd period - Ryan Getzlaf is hit by Lubomir Visnovsky.
1:18 of 3rd period - Snap shot by Clarke MacArthur.
1:18 of 3rd period - Stopped by Jean-Sébastien Giguère with a rebound.
1:24 of 3rd period - Snap shot by Vincent Lecavalier.
1:24 of 3rd period - Stopped by Carey Price without a rebound.
1:25 of 3rd period - Matt Stajan wins face-off versus Tyler Arnason in Canucks zone.
1:25 of 3rd period - Matt Stajan is hit by Chris Phillips.
1:35 of 3rd period - Snap shot by Ryan Malone.
1:35 of 3rd period - Stopped by Carey Price with a rebound.
1:37 of 3rd period - Slapshot by Chris Phillips.
1:37 of 3rd period - Shot Misses the Net.
2:03 of 3rd period - Snap shot by Clarke MacArthur.
2:03 of 3rd period - Stopped by Jean-Sébastien Giguère without a rebound.
2:04 of 3rd period - Tyler Arnason wins face-off versus T.J. Hensick in Nordiques zone.
2:04 of 3rd period - Tyler Arnason is hit by T.J. Hensick.
2:05 of 3rd period - Tyler Arnason from Nordiques is injured at 2:05 of 3rd period (Sore Right Knee).
2:06 of 3rd period - Vincent Lecavalier wins face-off versus Matt Stajan in Nordiques zone.
2:38 of 3rd period - Slapshot by Bryan McCabe.
2:38 of 3rd period - Shot Blocked by Brent Sopel.
2:40 of 3rd period - Backhand shot by Bryan McCabe.
2:40 of 3rd period - Stopped by Carey Price with a rebound.
3:49 of 3rd period - Snap shot by Ryan Getzlaf.
3:49 of 3rd period - Stopped by Jean-Sébastien Giguère without a rebound.
3:50 of 3rd period - Éric Belanger wins face-off versus Ryan Getzlaf in Nordiques zone.
3:50 of 3rd period - Éric Belanger is hit by Brett Lebda.
4:16 of 3rd period - Wrist shot by T.J. Hensick.
4:16 of 3rd period - Stopped by Jean-Sébastien Giguère without a rebound.
4:17 of 3rd period - Matt Stajan wins face-off versus Vincent Lecavalier in Nordiques zone.
4:39 of 3rd period - Minor Penalty to Chris Phillips for Roughing.
4:40 of 3rd period - Matt Stajan wins face-off versus Vincent Lecavalier in Nordiques zone.
6:39 of 3rd period - Penalty to Chris Phillips is over, Chris Phillips is back on ice.
6:40 of 3rd period - Icing by Maxim Afinogenov.
6:41 of 3rd period - Vincent Lecavalier wins face-off versus Ryan Getzlaf in Nordiques zone.
7:14 of 3rd period - Brett Lebda is hit by Éric Belanger and loses puck.
7:16 of 3rd period - Minor Penalty to Chris Phillips for Holding.
7:17 of 3rd period - Matt Stajan wins face-off versus Vincent Lecavalier in Nordiques zone.
7:42 of 3rd period - Ryan Getzlaf is hit by Ryan Malone and loses puck.
7:53 of 3rd period - Snap shot by Maxim Afinogenov.
7:53 of 3rd period - Stopped by Carey Price with a rebound.
8:27 of 3rd period - Minor Penalty to Ryan Malone for Roughing.
8:28 of 3rd period - Jaromir Jagr wins face-off versus Vincent Lecavalier in Nordiques zone.
8:29 of 3rd period - Snap shot by Matt Stajan.
8:29 of 3rd period - Shot Misses the Net.
8:57 of 3rd period - Mark Streit is hit by Lubomir Visnovsky and loses puck.
9:16 of 3rd period - Penalty to Chris Phillips is over, Chris Phillips is back on ice.
9:36 of 3rd period - Vincent Lecavalier is hit by Ryan Getzlaf and loses puck.
9:53 of 3rd period - Chris Phillips is hit by Jaromir Jagr and loses puck.
10:06 of 3rd period - Ryan Whitney is hit by Mark Streit and loses puck.
10:19 of 3rd period - Slapshot by Jaromir Jagr.
10:19 of 3rd period - Stopped by Jean-Sébastien Giguère with a rebound.
10:27 of 3rd period - Penalty to Ryan Malone is over, Ryan Malone is back on ice.
10:49 of 3rd period - Slapshot by Vincent Lecavalier.
10:49 of 3rd period - Shot Misses the Net.
10:51 of 3rd period - Wrist shot by Lubomir Visnovsky.
10:51 of 3rd period - Deflect By Simon Gagné.
10:51 of 3rd period - Shot Blocked by Scott Niedermayer.
10:51 of 3rd period - Puck is out of play.
10:52 of 3rd period - Ryan Getzlaf wins face-off versus Ryan Bayda in Canucks zone.
11:07 of 3rd period - Snap shot by Ales Kotalik.
11:07 of 3rd period - Stopped by Carey Price with a rebound.
11:36 of 3rd period - Alexei Ponikarovsky is hit by Jeremy Williams and loses puck.
11:43 of 3rd period - Daniel Paille is hit by Rickard Wallin and loses puck.
12:12 of 3rd period - Wrist shot by T.J. Hensick.
12:12 of 3rd period - Stopped by Jean-Sébastien Giguère without a rebound.
12:13 of 3rd period - Maxim Afinogenov wins face-off versus T.J. Hensick in Nordiques zone.
12:13 of 3rd period - Maxim Afinogenov is hit by Joe Callahan.
12:39 of 3rd period - Bryan McCabe is hit by Joe Callahan and loses puck.
13:07 of 3rd period - Snap shot by Alexei Ponikarovsky.
13:07 of 3rd period - Shot Misses the Net.
13:09 of 3rd period - Slapshot by Rickard Wallin.
13:09 of 3rd period - Stopped by Carey Price with a rebound.
13:11 of 3rd period - Wrist shot by Alexei Ponikarovsky.
13:11 of 3rd period - Stopped by Carey Price without a rebound.
13:12 of 3rd period - Vincent Lecavalier wins face-off versus Matt Stajan in Canucks zone.
14:04 of 3rd period - Slapshot by David Jones.
14:04 of 3rd period - Stopped by Jean-Sébastien Giguère without a rebound.
14:05 of 3rd period - Peter Worrell wins face-off versus Vincent Lecavalier in Nordiques zone.
14:14 of 3rd period - Snap shot by Jaromir Jagr.
14:14 of 3rd period - Shot Misses the Net.
14:30 of 3rd period - Ryan Malone is hit by Ryan Getzlaf and loses puck.
15:11 of 3rd period - Snap shot by Erik Christensen.
15:11 of 3rd period - Goal by Erik Christensen - Nordiques : 1 - Canucks : 6.
15:12 of 3rd period - Matt Stajan wins face-off versus Vincent Lecavalier in neutral zone.
15:15 of 3rd period - Maxim Afinogenov is hit by Jaromir Jagr and loses puck.
15:58 of 3rd period - Icing by Alexei Ponikarovsky.
15:59 of 3rd period - Rickard Wallin wins face-off versus T.J. Hensick in Nordiques zone.
15:59 of 3rd period - Rickard Wallin is hit by Joe Callahan.
16:05 of 3rd period - Slapshot by Alexei Ponikarovsky.
16:05 of 3rd period - Stopped by Carey Price with a rebound.
17:08 of 3rd period - Ales Kotalik is hit by Jeremy Williams and loses puck.
17:52 of 3rd period - Snap shot by Jaromir Jagr.
17:52 of 3rd period - Stopped by Jean-Sébastien Giguère without a rebound.
17:53 of 3rd period - Maxim Afinogenov wins face-off versus Matt Stajan in Nordiques zone.
18:00 of 3rd period - Snap shot by Ryan Malone.
18:00 of 3rd period - Stopped by Carey Price with a rebound.
18:02 of 3rd period - Slapshot by Ryan Malone.
18:02 of 3rd period - Shot Misses the Net.
18:04 of 3rd period - Snap shot by Jordan Eberle.
18:04 of 3rd period - Stopped by Carey Price with a rebound.
18:06 of 3rd period - Slapshot by Ryan Whitney.
18:06 of 3rd period - Stopped by Carey Price with a rebound.
18:42 of 3rd period - David Jones is hit by Matt Smaby and loses puck.
18:57 of 3rd period - Alexei Ponikarovsky is hit by Daniel Paille and loses puck.
19:06 of 3rd period - Slapshot by Erik Christensen.
19:06 of 3rd period - Shot Misses the Net.
19:08 of 3rd period - Snap shot by Daniel Paille.
19:08 of 3rd period - Shot Blocked by Chris Phillips.
19:10 of 3rd period - Snap shot by Jeremy Williams.
19:10 of 3rd period - Goal by Jeremy Williams - Nordiques : 1 - Canucks : 7.
19:11 of 3rd period - Vincent Lecavalier wins face-off versus Matt Stajan in neutral zone.
19:11 of 3rd period - Vincent Lecavalier is hit by Matt Stajan.
19:15 of 3rd period - Slapshot by Chris Phillips.
19:15 of 3rd period - Deflect By Simon Gagné.
19:15 of 3rd period - Stopped by Carey Price with a rebound.
19:40 of 3rd period - Off-side.
19:41 of 3rd period - Ryan Getzlaf wins face-off versus Vincent Lecavalier in neutral zone.
19:44 of 3rd period - Slapshot by Joe Callahan.
19:44 of 3rd period - Stopped by Jean-Sébastien Giguère without a rebound.
19:45 of 3rd period - Matt Stajan wins face-off versus Maxim Afinogenov in Nordiques zone.
Goals for this period are 0 for Nordiques vs 3 for Canucks.
Shots for this period are 13 for Nordiques vs 13 for Canucks.
Output by the SimonT Hockey Simulator (STHS) for François Prévost -- Original Page W3C XHTML 1.0 Valid